Map: Orbital Shipyard

Players

Awesomesauce - Winner!

  • Race: Protoss Protoss
  • League: Diamond

Kaldi

  • Race: Zerg Zerg
  • League: Master

VOD

Have the link to the VOD?

Description

Time

  • Played on: March 13, 2016, 7:31 a.m.
  • Length: 8:06
Show
View Real Time Build Order
Export as new Build Order

Awesomesauce Protoss - Winner!

Build Orders: Cannon Rush 

Get SALT Encoding   

  12  0:01  Probe (Chrono Boost)  
  13  0:11  Probe (Chrono Boost)  
  14  0:18  Pylon  
  14  0:22  Probe (Chrono Boost)  
  15  0:36  Probe (Chrono Boost)  
  16  0:47  Probe (Chrono Boost)  
  16  0:49  Forge  
  17  0:57  Probe (Chrono Boost)  
  18  1:07  Pylon  
  18  1:08  Probe (Chrono Boost)  
  19  1:27  Photon Cannon  
  19  1:35  Pylon  
  19  1:37  Pylon  
  19  1:39  Pylon  
  19  1:54  Pylon  
  19  1:55  Photon Cannon  
  19  1:59  Photon Cannon  
  19  2:02  Photon Cannon  
  19  2:16  Gateway  
  19  2:18  Pylon  
  19  2:27  Pylon  
  19  2:38  Assimilator  
  19  2:42  Probe (Chrono Boost), Assimilator  
  20  2:49  Photon Cannon  
  20  3:04  Cybernetics Core  
  20  3:06  Probe (Chrono Boost)  
  21  3:14  Pylon  
  21  3:16  Probe (Chrono Boost)  
  22  3:26  Photon Cannon  
  23  3:27  Probe (Chrono Boost)  
  23  3:38  Photon Cannon  
  23  3:43  Warp Gate (Chrono Boost)  
  23  3:47  Mothership Core  
  25  4:01  Photon Cannon  
  25  4:16  Gateway  
  25  4:25  Pylon  
  25  4:37  Gateway  
  25  4:44  Photon Cannon  
  25  4:48  Robotics Facility  
  24  5:28  Pylon  
  24  5:36  Immortal (Chrono Boost)  
  28  6:08  Adept x2  
  28  6:09  Adept  
  38  6:11  Immortal (Chrono Boost)  
  38  6:45  Immortal (Chrono Boost), Stalker x2  
  40  7:22  Photon Cannon, Adept  
  42  7:23  Photon Cannon, Stalker x2  
  46  7:30  Pylon  
  42  7:55  Stalker x2  
  42  7:56  Stalker  
Show
View Real Time Build Order
Export as new Build Order

Kaldi Zerg 

Build Orders: Pool First 

Get SALT Encoding   

  12  0:09  Drone  
  13  0:15  Overlord  
  13  0:18  Drone  
  14  0:34  Drone x2  
  16  0:43  Spawning Pool  
  15  0:51  Drone  
  16  1:11  Hatchery  
  16  1:14  Drone  
  16  1:21  Drone  
  17  1:35  Zergling x4  
  19  1:50  Zergling x4  
  21  1:59  Queen  
  21  2:00  Spine Crawler  
  22  2:23  Drone x2  
  24  2:30  Drone  
  24  2:35  Drone, Queen  
  27  2:45  Drone  
  28  2:51  Extractor  
  28  2:55  Drone  
  28  2:56  Overlord  
  28  3:01  Spawning Pool  
  23  3:27  Drone x3  
  23  3:33  Drone x3  
  29  3:41  Drone x3  
  32  3:42  Spine Crawler  
  32  3:43  Spine Crawler  
  32  3:47  Roach Warren  
  29  3:50  Drone x2  
  31  3:56  Drone  
  32  4:06  Drone x2  
  34  4:14  Overlord x2  
  34  4:16  Queen  
  36  4:41  Drone x3  
  36  4:45  Roach x4  
  47  4:52  Roach  
  49  5:04  Overlord x2  
  49  5:07  Extractor  
  42  5:22  Drone  
  42  5:23  Roach x4  
  42  5:27  Queen  
  42  5:28  Queen  
  49  5:29  Roach  
  51  5:38  Drone  
  51  5:39  Drone x2  
  53  5:43  Extractor, Overlord  
  51  5:59  Roach x3  
  57  6:08  Roach  
  57  6:09  Roach x2  
  57  6:11  Queen x2  
  63  6:13  Drone  
  63  6:15  Drone  
  60  6:34  Roach x3  
  56  6:54  Drone x2  
  58  6:58  Queen x2  
  54  7:11  Roach x4  
  54  7:12  Roach x2  
  66  7:22  Roach x2  
  70  7:33  Drone x2  
Tags
 
Add a new tag
Caveats
  • Supply blocks, unpowered buildings, or Contaminate may cause inaccurate times.
  • Supply counts are checked every 10 seconds.